 Dungeon Crawl Stone Soup version 0.29.1-15-g9cfb28693d (webtiles) character file.

Game seed: 6211359681756322950

913 EarthwalkerPL the Trooper (level 7, -15/64 HPs)
             Began as a Minotaur Fighter on Mar 21, 2023.
             Demolished by Pikel
             ... wielding a +0 whip of freezing
              (16 damage)
             ... on level 5 of the Dungeon.
             The game lasted 00:05:46 (5177 turns).

EarthwalkerPL the Trooper (Minotaur Fighter)        Turns: 5177, Time: 00:05:48

Health: -15/64     AC:  7    Str: 23    XL:     7   Next: 82%
Magic:  6/6        EV:  9    Int:  5    God:
Gold:   205        SH:  5    Dex:  9    Spells: 6/6 levels left

rFire   . . .      SeeInvis .   a - +0 war axe
rCold   . . .      Faith    .   c - +0 buckler
rNeg    . . .      Spirit   .   b - +0 scale mail
rPois   .          Reflect  .   (helmet restricted)
rElec   .          Harm     .   (no cloak)
rCorr   .          Rampage  .   (no gloves)
Will    .....                   (no boots)
Stlth   ..........              e - amulet of the acrobat
HPRegen 0.20/turn               w - ring of flight
MPRegen 0.10/turn               (no ring)

@: flying
A: horns 2, retaliatory headbutt
a: no special abilities


You were on level 5 of the Dungeon.
You visited 1 branch of the dungeon, and saw 6 of its levels.

You collected 205 gold pieces.

Inventory:

Hand Weapons
 a - a +0 war axe (weapon)
Missiles
 l - 5 javelins (quivered)
 z - 6 curare-tipped darts
Armour
 b - a +0 scale mail (worn)
 c - a +0 buckler (worn)
Jewellery
 e - an amulet of the acrobat (around neck)
 t - a ring of fire
 w - a ring of flight (left hand)
Wands
 y - a wand of flame (30)
Scrolls
 g - 2 scrolls of amnesia {unknown}
 h - 2 scrolls of enchant armour {unknown}
 m - a scroll of noise {unknown}
 n - 5 scrolls of fog {unknown}
 o - 2 scrolls of immolation {unknown}
 p - a scroll of magic mapping {unknown}
 q - 5 scrolls of identify {unknown}
 s - a scroll of teleportation {unknown}
 x - a scroll of enchant weapon {unknown}
 B - a scroll of poison {unknown}
Potions
 d - a potion of might
 f - 2 potions of ambrosia {unknown}
 i - 2 potions of cancellation {unknown}
 j - 3 potions of curing {unknown}
 k - a potion of haste {unknown}
 r - a potion of berserk rage
 u - a potion of mutation {unknown}
 v - 3 potions of lignification {unknown}
 A - a potion of heal wounds {unknown}
 C - a potion of attraction {unknown}


   Skills:
 * Level 6.7 Fighting
 * Level 6.2 Axes
 * Level 6.7 Armour
 + Level 5.4 Shields


You had 6 spell levels left.
You didn't know any spells.
Your spell library contained the following spells:

 Spells                   Type           Power      Damage    Failure   Level
 Sandblast                Erth           0%         2d4       85%         1
 Passwall                 Tmut/Erth      0%         N/A       94%         2
 Inner Flame              Hex/Fire       0%         N/A       99%         3
 Ozocubu's Armour         Ice            0%         N/A       99%         3
 Stone Arrow              Conj/Erth      0%         3d7       99%         3
 Summon Guardian Golem    Hex/Summ       0%         N/A       99%         3
 Cause Fear               Hex            0%         N/A       100%        4
 Orb of Destruction       Conj           0%         9d5       100%        7
 Ozocubu's Refrigeration  Ice            0%         4d7       100%        7
 Spellforged Servitor     Conj/Summ      0%         N/A       100%        7
 Discord                  Hex            0%         N/A       100%        8


Dungeon Overview and Level Annotations

Branches:
Dungeon (6/15)
 Temple: D:4-7

Altars:

Annotations:
D:5 Pikel


Innate Abilities, Weirdness & Mutations

You have a pair of horns on your head.
You reflexively headbutt those who attack you in melee.


Message History

No target in view!
You start resting.
HP restored.
You fly upwards.
There is a stone staircase leading down, spattered with blood here.
Pikel, Merchant of Souls comes into view.
He is wielding a +0 whip of freezing.
Pikel shouts!
A lemure comes into view.
Pikel moves out of view.
The lemure shouts!
You throw a javelin. The javelin completely misses Pikel.
Pikel drinks a potion.
Pikel goes berserk!
You barely miss Pikel. You headbutt Pikel, but do no damage.
Pikel hits you with a +0 whip of freezing!
Pikel freezes you.
Pikel hits you with a +0 whip of freezing!
Pikel freezes you.
You hit Pikel.
Pikel is lightly wounded.
Pikel hits you with a +0 whip of freezing.
Pikel freezes you.
You hit Pikel but do no damage.
Pikel is lightly wounded.
Pikel hits you but does no damage. Pikel closely misses you.
You hit Pikel but do no damage. You headbutt Pikel.
Pikel is lightly wounded.
Pikel hits you with a +0 whip of freezing!
Pikel freezes you.
Pikel hits you with a +0 whip of freezing!
* * * LOW HITPOINT WARNING * * *
Pikel freezes you.
* * * LOW HITPOINT WARNING * * *
You barely miss Pikel.
Pikel is lightly wounded.
Pikel hits you with a +0 whip of freezing!
* * * LOW HITPOINT WARNING * * *
Pikel freezes you.
* * * LOW HITPOINT WARNING * * *
Pikel hits you with a +0 whip of freezing!
You die...

..
##.###.#
#.# #..#
#.# #..
#.## #.#
#.##.# #.#
#..#.# #.#
#>..# #.#
#.### #.#
#.#### #.#
#.@K5#
####.#
#.K......#
#.##.#####
.. #.# ...
#.# .. ..#
. ###


You could see Pikel (berserk) and a lemure.

Vanquished Creatures
  Grinder (D:6)
  A black bear (D:5)
  An ogre (D:4)
  3 lemures (D:6)
  A scorpion (D:5)
  2 jellies (D:4)
  2 iguanas
  Natasha (thrice) (D:2)
  3 orc wizards
  7 adders
  7 gnolls (D:2)
  2 dart slugs
  7 orcs
  5 ball pythons
  6 bats
  5 endoplasms
  7 goblins
  7 hobgoblins
  4 jackals
  7 quokkas
  4 frilled lizards
  8 kobolds
  5 rats
  2 bushes (D:4)
100 creatures vanquished.

Vanquished Creatures (others)
  A bush (D:4)
  11 plants
12 creatures vanquished.

Grand Total: 112 creatures vanquished

Notes
Turn   | Place    | Note
-------+----------+-------------------------------------------
     0 | D:1      | EarthwalkerPL the Minotaur Fighter began the quest for the
                  | Orb.
     0 | D:1      | Reached XP level 1. HP: 19/19 MP: 0/0
   212 | D:1      | Reached XP level 2. HP: 27/27 MP: 1/1
   813 | D:2      | Reached XP level 3. HP: 33/33 MP: 2/2
  1125 | D:2      | Reached XP level 4. HP: 40/41 MP: 3/3
  1243 | D:2      | Noticed Natasha
  1251 | D:2      | Killed Natasha
  1323 | D:2      | Reached XP level 5. HP: 12/47 MP: 4/4
  1633 | D:2      | Noticed Natasha
  1638 | D:2      | Killed Natasha
  1666 | D:2      | Found a faded altar of an unknown god.
  1942 | D:2      | Noticed Natasha
  1952 | D:2      | Killed Natasha
  1953 | D:2      | Reached skill level 5 in Fighting
  2329 | D:3      | Reached skill level 5 in Armour
  2440 | D:3      | Identified the +10 sling "Qunk" {venom, rF+ rN+ Dex-5
                  | Stlth+}
  2576 | D:3      | Identified the +4 whip of Resourcefulness {holy, *Corrode
                  | Dex+6}
  3184 | D:4      | Reached XP level 6. HP: 23/56 MP: 5/5
  4100 | D:4      | Reached skill level 5 in Axes
  4500 | D:5      | Entered Level 5 of the Dungeon
  4545 | D:5      | Reached XP level 7. HP: 28/63 MP: 6/6
  4721 | D:5      | Reached skill level 5 in Shields
  5067 | D:5      | Noticed Grinder
  5086 | D:6      | Killed Grinder
  5167 | D:5      | Noticed Pikel
  5177 | D:5      | HP: 1/64 [Pikel/+0 whip of freezing (6)]
  5177 | D:5      | Demolished by Pikel

Illustrated notes

Levels and vault maps discovered:
D:1:      ebering_trefoil_twist, layout_basic, st_stairs_3
D:2:      layout_basic, shapermc_ecumenical_altar_flowoftime, dk_noncrumbling_2,
          nicolae_grassy_gnolls, uniq_natasha
D:3:      layout_basic
D:4:      layout_loops_ring, serial_forest, infiniplex_forest_corner_1,
          infiniplex_forest_end_2, infiniplex_forest_clump_tiny,
          infiniplex_forest_clump_diagonal, infiniplex_forest_clump_medium,
          infiniplex_forest_lined_room_2, infiniplex_forest_side_room,
          infiniplex_forest_lined_2, grunt_tough_drop
D:5:      layout_basic, minivault_1, grunt_ministairs_3, uniq_grinder,
          uniq_eustachio, uniq_pikel
D:6:      layout_basic

Skill      XL: |  1  2  3  4  5  6  7 |
---------------+----------------------+-----
Axes           | 3 4 5 6 |  6.2
Fighting       | 4 5 6 |  6.7
Armour         | 4 5 6 |  6.7
Shields        | 4 5 |  5.4

Action                   |  1- 3 |  4- 6 |  7- 9 || total
-------------------------+-------+-------+-------++-------
Melee: War axe           |    50 |   149 |    52 ||   251
       Headbutt          |     3 |    34 |     7 ||    44
Throw: Javelin           |       |       |     1 ||     1
Armor: Scale mail        |    17 |    29 |    19 ||    65
Dodge: Dodged            |    42 |    70 |    15 ||   127
Block: Buckler           |    16 |    25 |    14 ||    55
